 Dungeon Crawl Stone Soup version 0.31-a0-667-g39726597b9 (webtiles) character file.

Game seed: 15329045284630219527

2 Essalna the Conjurer (level 1, 0/13 HPs)
             Began as a Demonspawn Conjurer on Sept 4, 2023.
             Slain by a goblin
             ... wielding a +0 dagger
              (1 damage)
             ... on level 2 of the Dungeon.
             The game lasted 00:00:24 (75 turns).

Essalna the Conjurer (Demonspawn Conjurer)            Turns: 75, Time: 00:00:24

Health: 0/13       AC:  2    Str:  7    XL:     1   Next: 33%
Magic:  0/3        EV: 12    Int: 19    God:
Gold:   0          SH:  0    Dex: 11    Spells: 3/4 levels left

rFire   . . .        (no weapon)
rCold   . . .        (no shield)
rNeg    . . .        a - +0 robe
rPois   .            (no helmet)
rElec   .            (no cloak)
rCorr   .            (no gloves)
SInv    .            (no boots)
Will    .....        (no amulet)
Stlth   ++           (no ring)
HPRegen 0.22/turn    (no ring)
MPRegen 0.08/turn

%: no passive effects
@: no status effects
A: no striking features
a: no special abilities


You were on level 2 of the Dungeon.
You visited 1 branch of the dungeon, and saw 2 of its levels.

Inventory:

Armour
 a - a +0 robe (worn)
Potions
 b - a potion of magic
 c - a potion of attraction {unknown}


   Skills:
 + Level 0.2 Fighting
 - Level 1.7 Dodging
 - Level 1.7 Stealth
 + Level 2.0 Spellcasting
 + Level 4.0 Conjurations


You had 3 spell levels left.
You knew the following spells:

 Your Spells              Type           Power      Damage    Failure   Level
a - Magic Dart            Conj           68%        1d6       3%          1

Your spell library contained the following spells:

 Spells                   Type           Power      Damage    Failure   Level
 Searing Ray              Conj           34%        2d5       4%          2
 Dazzling Flash           Conj/Hex       18%        N/A       22%         3
 Fulminant Prism          Conj/Hex       4%         3d5       58%         4
 Iskenderun's Mystic Bla  Conj/Tloc      9%         2d4       58%         4


Dungeon Overview and Level Annotations

Branches:
Dungeon (1/15)

Altars:


Message History

The bat closely misses you. The quokka completely misses you.
The bat hits you but does no damage.
You hit the quokka.
You kill the quokka!
The bat closely misses you. The bat hits you.
You barely miss the goblin.
The goblin is moderately wounded.
The bat barely misses you. The goblin hits you with a +0 dagger.
You barely miss the goblin.
The goblin is moderately wounded.
The bat hits you but does no damage. The goblin barely misses you.
You hit the goblin but do no damage.
The goblin is moderately wounded.
The bat barely misses you. The bat closely misses you. The goblin misses you.
Casting: Magic Dart (safe; 3% risk of failure)
Confirm with . or Enter, or press ? or * to list all spells.
Aiming: Magic Dart (safe; 3% risk of failure)
Press: ? - help, Shift-Dir - straight line, f - goblin
Aim: a goblin, wielding a +0 dagger (moderately wounded, 100% to hit)
The magic dart hits the goblin.
The goblin is heavily wounded.
The bat closely misses you. The goblin hits you with a +0 dagger.
You hit the goblin but do no damage.
The goblin is heavily wounded.
The bat hits you but does no damage. x2; The goblin hits you with a +0 dagger.
* * * LOW HITPOINT WARNING * * *
You closely miss the goblin.
The goblin is heavily wounded.
The bat hits you.
* * * LOW HITPOINT WARNING * * *
The bat closely misses you. The goblin hits you with a +0 dagger.
* * * LOW HITPOINT WARNING * * *
You closely miss the goblin.
The goblin is heavily wounded.
The bat hits you but does no damage. The goblin completely misses you.
The bat closely misses you.
You closely miss the goblin.
The goblin is heavily wounded.
The bat hits you but does no damage. The goblin hits you with a +0 dagger.
You die...

#.... #.... #....
#....# ##...
#..... ....#
#..... ...<
#.....##### >..
#.......g@## ##.#
#....#.##.b####..#
#... #.###..##..#
### ... ##.....###
#... #...#...#
#.......#####.#
#......## #.#
####..# #.. #...
##.#


You could see a goblin and a bat.

Vanquished Creatures
  A jackal (D:1)
  A quokka (D:2)
2 creatures vanquished.

Notes
Turn   | Place    | Note
-------+----------+-------------------------------------------
     0 | D:1      | Essalna the Demonspawn Conjurer began the quest for the
                  | Orb.
     0 | D:1      | Reached XP level 1. HP: 13/13 MP: 3/3
    18 | D:1      | You fall into a shaft and drop 1 floor!
    75 | D:2      | Slain by a goblin

Illustrated notes

Levels and vault maps discovered:
D:1:      minmay_arrival_four_circles, layout_basic
D:2:      layout_rooms

Action                     || total
---------------------------++-------
  Melee: Unarmed           ||    12
   Cast: Magic Dart        ||     7
 Armour: Robe              ||    15
  Dodge: Dodged            ||    16

Table legend: (Time is in decaauts)
 A = Elapsed time spent in this place.
 B = Non-inter-level travel time spent in this place.
 C = Inter-level travel time spent in this place.
 D = Time resting spent in this place.
 E = Time spent auto-exploring this place.
 F = Levels seen in this place.
 G = Mean time per level.
                   A        B        C        D        E       F      G
               +--------+--------+--------+--------+--------+-----+--------+
         Total |     74 |     74 |      0 |      0 |     36 |   2 |   37.0 |
       Dungeon |     74 |     74 |      0 |      0 |     36 |   2 |   37.0 |
               +--------+--------+--------+--------+--------+-----+--------+

Top non-repeatable levels by time:
     D:2: 56 daAuts
     D:1: 18 daAuts
